Map: [TLMC15] Hardwire

Players

DRG - Winner!

  • Race: Zerg Zerg

Serral

  • Race: Zerg Zerg

Event: DreamHack SC2 Masters Last Chance 2022

VOD

Have the link to the VOD?

Description

Time

  • Played on: Jan. 14, 2022, 12:36 p.m.
  • Length: 10:40

All games in this series

Show
View Real Time Build Order
Export as new Build Order

DRG Zerg - Winner!

Build Orders: Hatch First 

Get SALT Encoding   

  12  0:00  Drone  
  13  0:12  Overlord  
  13  0:17  Drone  
  14  0:30  Drone x2  
  16  0:47  Hatchery  
  15  0:50  Drone  
  15  0:54  Drone  
  17  0:57  Drone  
  18  1:08  Extractor  
  17  1:13  Spawning Pool  
  17  1:16  Drone  
  17  1:19  Drone  
  18  1:28  Drone  
  19  1:38  Drone  
  20  1:49  Drone  
  21  1:59  Queen x2  
  21  2:00  Overlord  
  25  2:01  Drone  
  26  2:11  Drone x2, Metabolic Boost  
  28  2:21  Drone  
  28  2:22  Zergling x2  
  30  2:31  Hatchery  
  30  2:33  Drone  
  30  2:35  Drone  
  31  2:41  Queen  
  33  2:47  Overlord  
  33  2:49  Drone  
  34  2:55  Baneling Nest  
  34  2:56  Drone  
  34  2:59  Drone  
  34  3:04  Drone  
  36  3:08  Drone x3  
  36  3:10  Zergling x2  
  36  3:12  Drone  
  41  3:15  Drone  
  41  3:17  Drone  
  41  3:19  Drone  
  44  3:27  Evolution Chamber  
  43  3:28  Drone  
  43  3:29  Overlord  
  44  3:43  Drone x6  
  44  3:44  Baneling  
  44  3:45  Baneling x3  
  50  3:50  Zergling x2  
  50  3:51  Zergling x6  
  50  3:55  Extractor  
  53  3:56  Lair  
  53  4:00  Drone x2  
  53  4:02  Drone  
  56  4:04  Drone  
  56  4:07  Roach Warren  
  56  4:11  Drone x2  
  56  4:13  Drone  
  56  4:15  Extractor x2  
  56  4:20  Drone  
  56  4:21  Drone  
  56  4:23  Overlord  
  58  4:26  Overlord  
  58  4:29  Overlord  
  58  4:30  Overlord  
  58  4:35  Overlord  
  58  4:38  Overlord  
  58  4:45  Drone x3  
  61  4:48  Roach x4  
  61  4:50  Baneling  
  68  4:57  Spire  
  68  4:58  Zergling x4  
  68  4:59  Zergling x2  
  70  5:01  Drone  
  70  5:03  Drone  
  70  5:04  Drone  
  73  5:08  Drone  
  73  5:11  Drone x4  
  73  5:13  Zerg Missile Weapons Level 1  
  78  5:17  Drone  
  78  5:18  Drone x2  
  78  5:19  Drone  
  82  5:21  Extractor  
  82  5:22  Extractor  
  82  5:25  Drone  
  82  5:27  Drone x3  
  82  5:28  Drone  
  85  5:31  Overlord  
  85  5:35  Drone  
  86  5:37  Overlord  
  86  5:39  Drone x2  
  86  5:42  Drone x2  
  90  5:43  Drone  
  90  5:44  Drone  
  92  5:56  Hatchery, Overlord  
  91  6:09  Mutalisk x7  
  91  6:11  Mutalisk  
  105  6:18  Overlord  
  107  6:21  Glial Reconstitution  
  107  6:30  Drone  
  105  6:33  Drone x10  
  115  6:42  Overlord x2  
  115  6:44  Extractor  
  115  6:45  Extractor  
  113  6:47  Roach  
  113  6:50  Roach  
  113  6:53  Roach  
  113  6:54  Roach x4  
  127  6:58  Overlord  
  127  7:00  Roach  
  127  7:01  Roach x2  
  133  7:08  Roach  
  135  7:09  Roach  
  135  7:12  Roach  
  135  7:14  Roach  
  137  7:17  Zerg Missile Weapons Level 2  
  137  7:18  Roach x2  
  137  7:20  Overlord x2  
  137  7:21  Queen  
  143  7:24  Roach x5  
  143  7:27  Roach  
  143  7:29  Roach  
  155  7:32  Roach  
  155  7:34  Roach  
  155  7:35  Overlord  
  159  7:41  Tunneling Claws  
  159  7:42  Burrow, Roach  
  159  7:43  Roach  
  162  7:47  Roach  
  162  7:49  Roach x6  
  162  7:51  Drone  
  176  7:54  Overlord  
  176  7:55  Nydus Network  
  177  7:58  Roach x2  
  177  8:03  Roach x3  
  181  8:08  Ravager x3  
  181  8:09  Overlord  
  184  8:15  Roach, Overlord  
  184  8:16  Roach x3  
  184  8:18  Overlord  
  192  8:20  Overlord  
  192  8:22  Overlord  
  192  8:31  Roach  
  192  8:32  Nydus Canal  
  192  8:33  Roach x2  
  192  8:34  Roach x4  
  200  8:38  Roach x3  
  200  8:41  Roach  
  193  8:42  Roach x2  
  193  8:44  Roach  
  193  8:46  Roach  
  197  8:50  Roach x2  
  197  8:53  Roach  
  195  8:58  Roach  
  195  9:00  Roach x3  
  197  9:05  Overlord  
  197  9:07  Nydus Canal  
  187  9:17  Overlord  
  187  9:19  Spore Crawler  
  187  9:22  Spore Crawler x2  
  187  9:23  Spore Crawler x2, Overlord  
  176  9:27  Roach x4  
  176  9:30  Overlord x2  
  168  9:38  Roach  
  157  9:39  Roach  
  157  9:45  Overlord  
  153  9:46  Overlord x2  
  149  9:53  Overlord  
  149  9:55  Spore Crawler, Overlord  
  149  9:57  Roach x6, Spore Crawler  
  159  10:04  Overlord  
  159  10:07  Roach x2  
  159  10:10  Roach x6  
  159  10:12  Roach  
  171  10:15  Roach x2  
  171  10:19  Roach  
Show
View Real Time Build Order
Export as new Build Order

Serral Zerg 

Build Orders: Hatch First 

Get SALT Encoding   

  12  0:00  Drone  
  13  0:11  Overlord  
  13  0:16  Drone  
  14  0:30  Drone x2  
  16  0:47  Hatchery  
  15  0:50  Drone  
  15  0:54  Drone  
  17  0:58  Drone  
  18  1:08  Extractor  
  17  1:13  Spawning Pool  
  17  1:15  Drone  
  17  1:19  Drone  
  18  1:27  Drone  
  19  1:38  Drone  
  20  1:56  Drone  
  20  1:59  Queen x2  
  20  2:00  Zergling x2, Overlord  
  26  2:10  Drone x2  
  26  2:12  Metabolic Boost  
  28  2:20  Drone  
  28  2:21  Drone  
  30  2:31  Drone  
  30  2:32  Drone  
  32  2:38  Hatchery  
  32  2:42  Drone  
  32  2:46  Baneling Nest  
  32  2:48  Overlord  
  31  2:53  Drone  
  31  2:54  Drone  
  33  3:00  Queen  
  33  3:03  Zergling x2  
  36  3:08  Drone x3  
  36  3:10  Zergling x2  
  40  3:14  Overlord  
  40  3:17  Zergling x2  
  40  3:19  Zergling x2  
  42  3:20  Zergling x2  
  42  3:25  Drone  
  44  3:28  Evolution Chamber  
  44  3:30  Drone  
  44  3:36  Drone  
  44  3:39  Drone x5  
  44  3:41  Drone  
  51  3:49  Drone  
  51  3:51  Extractor  
  51  3:53  Overlord  
  51  3:54  Zerg Missile Weapons Level 1  
  51  3:57  Drone  
  51  4:02  Drone x2, Roach Warren  
  53  4:07  Baneling x2  
  53  4:08  Zergling x4  
  55  4:10  Drone x2  
  55  4:16  Overlord  
  57  4:20  Baneling x2  
  57  4:22  Zergling x4  
  59  4:25  Overlord  
  59  4:27  Drone x2  
  60  4:35  Drone x2  
  60  4:38  Overlord  
  62  4:41  Roach  
  62  4:42  Roach  
  66  4:48  Roach x2  
  66  4:49  Drone x2  
  71  4:53  Extractor x2  
  71  4:54  Overlord  
  71  4:58  Overlord  
  69  5:02  Roach x2  
  73  5:08  Drone x2  
  73  5:12  Lair  
  75  5:17  Drone x5  
  75  5:18  Drone  
  80  5:24  Spine Crawler  
  80  5:25  Roach  
  80  5:26  Roach x5  
  80  5:27  Spine Crawler  
  90  5:29  Overlord  
  90  5:36  Roach x3  
  90  5:41  Overlord  
  96  5:47  Pneumatized Carapace  
  96  5:48  Drone, Extractor x2  
  97  5:50  Drone x5  
  97  5:51  Drone  
  97  5:52  Drone  
  97  5:56  Overlord  
  97  5:57  Drone x4  
  108  6:07  Drone x2  
  108  6:10  Overseer  
  110  6:11  Hatchery  
  110  6:14  Glial Reconstitution  
  110  6:16  Drone  
  110  6:17  Spire  
  109  6:19  Roach x2  
  113  6:29  Roach x3  
  113  6:30  Roach x5  
  129  6:35  Hatchery  
  129  6:38  Overlord  
  128  6:41  Spore Crawler  
  128  6:42  Spore Crawler  
  128  6:44  Spore Crawler  
  125  6:52  Spore Crawler  
  124  6:55  Queen x2  
  124  6:57  Overlord x3  
  128  7:01  Drone  
  129  7:08  Overlord  
  129  7:09  Overlord  
  129  7:11  Overlord  
  128  7:19  Drone x2  
  130  7:23  Overlord  
  130  7:26  Overlord x2  
  130  7:31  Drone  
  131  7:37  Overlord  
  131  7:42  Corruptor x6  
  141  7:44  Zerg Missile Weapons Level 2  
  141  7:51  Corruptor x2  
  140  7:55  Drone  
  140  7:56  Drone  
  140  7:57  Drone  
  144  8:01  Corruptor x2  
  144  8:05  Roach x2  
  150  8:06  Ravager  
  150  8:07  Ravager x3  
  150  8:10  Roach x2  
  158  8:16  Roach x3  
  164  8:21  Roach x3  
  170  8:27  Roach x3  
  166  8:38  Roach x4  
  170  8:46  Roach x5  
  174  8:48  Extractor  
  174  8:51  Queen, Roach  
  174  8:52  Queen  
  177  9:01  Roach x3  
  172  9:09  Roach x3  
  167  9:12  Roach x3  
  164  9:18  Roach x2  
  155  9:25  Roach  
  155  9:28  Ravager x2  
  155  9:30  Roach  
  152  9:38  Roach  
  139  9:45  Roach  
  139  9:48  Ravager x4  
  139  9:51  Roach x2  
  147  9:55  Ravager  
  147  9:56  Hatchery  
  145  10:00  Spawning Pool  
  145  10:03  Roach x2  
  144  10:19  Roach x5  

Tags
 
Add a new tag
Caveats
  • Supply blocks, unpowered buildings, or Contaminate may cause inaccurate times.
  • Supply counts are checked every 10 seconds.